 Dungeon Crawl Stone Soup version 0.28-a0-1518-gbe868bca14 (webtiles) character file.

Game seed: 9242011823928365264

3132 croobank the Covert (level 9, -2/81 HPs)
             Began as a Grey Draconian Delver on Jan 17, 2022.
             Was an Initiate of Ashenzari.
             Slain by a basilisk (7 damage)
             ... on level 8 of the Dungeon.
             The game lasted 00:52:46 (9106 turns).

croobank the Covert (Grey Draconian Delver)         Turns: 9106, Time: 00:52:46

Health: -2/81      AC: 12    Str: 16    XL:     9   Next: 61%
Magic:  0/11       EV: 14    Int: 14    God:    Ashenzari [......]
Gold:   402        SH:  0    Dex: 12    Spells: 9/10 levels left

rFire   . . .      SeeInvis .   a - +0 war axe
rCold   . . .      Faith    .   (no shield)
rNeg    . . .      Spirit   +   (armour unavailable)
rPois   .          Reflect  .   (helmet restricted)
rElec   .          Harm     .   (no cloak)
rCorr   .          Rampage  .   (no gloves)
Will    +....                   (no boots)
Stlth   ++++......              C - amulet of guardian spirit
HPRegen 0.23/turn               k - ring of willpower
MPRegen 0.12/turn               (no ring)

@: hasted, very quick
A: AC +12, amphibious, unfitting armour, cold-blooded
a: Renounce Religion


You were on level 8 of the Dungeon.
You worshipped Ashenzari.
Ashenzari was noncommittal.
You visited 2 branches of the dungeon, and saw 9 of its levels.
You also visited: Ossuary.

You collected 402 gold pieces.

Inventory:

Hand Weapons
 a - a +0 war axe (weapon)
 b - a +0 shortbow
 e - a +2 dagger of freezing
 l - a +3 hand axe
 m - a +1 dagger of protection
 z - a +0 rapier
 O - a +0 short sword of electrocution
Missiles
 c - 154 stones (quivered)
 h - 123 arrows
 i - 49 sling bullets
 o - an atropa-tipped dart
 u - 70 bolts
 B - 6 poisoned darts
 P - a throwing net
Magical Staves
 w - a staff of death
Jewellery
 g - a ring of fire
 k - a ring of willpower (left hand)
 p - an amulet of the acrobat
 y - a ring of fire
 C - an amulet of guardian spirit (around neck)
 L - an amulet of faith
Wands
 f - a wand of digging (3)
 n - a wand of acid (7)
 r - a wand of flame (6)
 N - a wand of charming (1)
Scrolls
 d - a scroll of fear
 q - 2 scrolls of teleportation
 A - a scroll of fog
 F - 2 scrolls of magic mapping
 H - a scroll of enchant armour {unknown}
 I - a scroll of noise {unknown}
 M - a scroll of amnesia
Potions
 j - 4 potions of curing
 s - a potion of degeneration {unknown}
 t - a potion of lignification {unknown}
 v - 3 potions of flight {unknown}
 x - 2 potions of invisibility {unknown}
 D - a potion of brilliance {unknown}
 E - 2 potions of might {unknown}
 J - 2 potions of berserk rage {unknown}
 K - a potion of cancellation {unknown}
 Q - a potion of mutation {unknown}


   Skills:
 - Level 7.9 Fighting
 - Level 6.8 Axes
 - Level 6.2 Dodging
 - Level 8.0 Stealth
 + Level 1.4 Spellcasting
 + Level 1.6 Conjurations
 + Level 1.4 Hexes


You had 9 spell levels left.
You knew the following spells:

 Your Spells              Type           Power      Damage    Failure   Level
a - Freeze                Ice            4%         1d3       26%         1

Your spell library contained the following spells:

 Spells                   Type           Power      Damage    Failure   Level
 Pain                     Necr           4%         1d4       26%         1
 Summon Small Mammal      Summ           4%         N/A       26%         1
 Dazzling Flash           Conj/Hex       10%        N/A       38%         3
 Conjure Flame            Conj/Fire      3%         6-21      47%         3
 Portal Projectile        Hex/Tloc       6%         N/A       50%         3
 Summon Guardian Golem    Hex/Summ       3%         N/A       50%         3
 Call Canine Familiar     Summ           1%         N/A       58%         3
 Frozen Ramparts          Ice            2%         1d2       58%         3
 Ignite Poison            Fire/Tmut/Pois 1%         N/A       58%         3
 Hailstorm                Conj/Ice       3%         3d3       87%         4
 Sticky Flame             Conj/Fire      3%         2d3       87%         4
 Leda's Liquefaction      Hex/Erth       1%         N/A       88%         4
 Silence                  Hex/Air        1%         N/A       99%         5
 Agony                    Necr           1%         N/A       100%        5
 Excruciating Wounds      Necr           0%         N/A       100%        5
 Animate Armour           Summ/Erth      Unusable   N/A       N/A         4

Dungeon Overview and Level Annotations

Branches:
Dungeon (8/15)             Temple (1/1) D:7            Lair (0/6) D:8
Ossuary (visited)

Altars:
Ashenzari
Cheibriados
Dithmenos
Elyvilon
Fedhas
Gozag
Kikubaaqudgha
Qazlal
Wu Jian
Xom
Yredelemnul

Shops:
D:4 *

Annotations:
D:6 3 runed translucent doors, horus123's ghost, novice SpBr
D:8 1 runed translucent door, iamoutofideas's ghost, journeyman DjFE


Innate Abilities, Weirdness & Mutations

Your dull iron-grey scales are very hard. (AC +12)
You are amphibious.
You cannot fit into any form of body armour.
You are cold-blooded and may be slowed by cold attacks.


Message History

The iguana is heavily wounded.
The iguana closely misses you.
Your moth of wrath barely misses the iguana.
The iguana bites you!!
* * * LOW HITPOINT WARNING * * *
Your moth of wrath bites the iguana!
Your moth of wrath bites the yak.
Your moth of wrath infuriates the yak!
The yak goes berserk!
Found a dagger.
There is an escape hatch in the ceiling here.
There is a stone staircase leading down here.
Found a book of the Tundra.
The iguana rages.
There is a shaft here.
The yak rages.
The basilisk hisses angrily.
There is a shaft here.
The iguana falls through a shaft!
The shaft crumbles and collapses.
The yak falls through a shaft!
The shaft crumbles and collapses.
A basilisk is nearby!
A basilisk is nearby!
A basilisk is nearby!
A scorpion comes into view.
The basilisk bites you.
* * * LOW HITPOINT WARNING * * *
You miss the basilisk. You hit the bush but do no damage. You hit the fungus.
The fungus begins to die.
You hit the fungus.
The fungus begins to die.
The basilisk bites you but does no damage.
You barely miss the basilisk. You hit the bush but do no damage.
You hit the fungus. You slash the fungus! You barely miss the basilisk.
You tail-slap the basilisk.
The basilisk is lightly wounded.
You hit the fungus. x2; You hit the bush but do no damage.
Your moth of wrath changes into a dream sheep!
The basilisk bites you but does no damage.
You closely miss the basilisk.
The basilisk is lightly wounded.
You hit the bush but do no damage. You completely miss the fungus.
You hit the fungus. The basilisk bites you!
You die...

###### #.# ##### ##.##
.....###.####§≈§## #..
##..÷.....Y.#≈..^# ###
##.#.######..≈_§^#####
...#.# #.....^#...## #
####.# #....§......##
# ####.#
#............. #
....[# ##.P.P....s.# #
###### #.P.P@#....#
#.P_Pl# #.... ##PP...#
s## #......# #
#.##.#.# #. #.#.# #
..#<# .###.# .. ..#


You could see a basilisk (ally target), a scorpion and a friendly dream sheep
shaped shifter (charmed).

Vanquished Creatures
  A wraith (Ossuary)
  4 water moccasins
  An ice beast (D:6)
  An orc warrior (D:5)
  3 sky beasts
  2 ogres
  A black bear (D:7)
  A necrophage (D:4)
  3 centaurs
  2 phantoms
  A kobold brigand (D:6)
  2 bullfrogs (D:8)
  3 scorpions
  4 killer bees (D:7)
  A howler monkey (D:5)
  A jelly (D:5)
  A gnoll shaman (D:6)
  3 orc priests (D:4)
  5 hounds
  A bullfrog skeleton (D:4)
  An iguana (D:5)
  Natasha (thrice) (D:2)
  3 orc wizards (D:4)
  4 mummies
  6 gnolls
  A howler monkey skeleton (D:5)
  3 adders
  A shadow imp (D:5)
  2 white imps
  2 ufetubi
  A worm (D:2)
  A dart slug (D:4)
  18 orcs
  4 endoplasms
  3 giant cockroaches
  3 gnoll zombies (Ossuary)
  3 goblins
  5 hobgoblins
  2 quokkas
  8 ball pythons
  3 bats
  6 frilled lizards
  4 goblin zombies (Ossuary)
  8 kobolds
  4 kobold zombies (Ossuary)
  A rat (D:3)
141 creatures vanquished.

Vanquished Creatures (others)
  A human (D:5)
  A killer bee (D:7)
  3 bushes (D:8)
  6 fungi (D:8)
  15 plants (D:8)
  4 toadstools (D:1)
30 creatures vanquished.

Grand Total: 171 creatures vanquished

Notes
Turn   | Place    | Note
-------+----------+-------------------------------------------
     0 | D:5      | croobank the Draconian Delver began the quest for the Orb.
     0 | D:5      | Reached XP level 1. HP: 19/19 MP: 1/1
    87 | D:4      | Noticed a phantom
   138 | D:4      | Found a basalt altar of Yredelemnul.
   227 | D:2      | Reached XP level 2. HP: 17/26 MP: 2/2
   541 | D:2      | Noticed Natasha
   556 | D:2      | Noticed a crimson imp
   556 | D:2      | Killed Natasha
   557 | D:2      | Reached XP level 3. HP: 22/33 MP: 3/3
   819 | D:2      | Noticed Natasha
   823 | D:2      | Killed Natasha
   824 | D:2      | Reached XP level 4. HP: 32/40 MP: 4/4
   917 | D:2      | Noticed Natasha
   922 | D:2      | Killed Natasha
   923 | D:2      | Reached skill level 5 in Stealth
  1309 | D:1      | Learned a level 1 spell: Freeze
  1517 | D:2      | Found a faded altar of an unknown god.
  2420 | D:4      | Reached XP level 5. HP: 42/46 MP: 5/5
  2750 | D:4      | Found Jiffies's Assorted Antiques.
  3005 | D:4      | Reached XP level 6. HP: 53/53 MP: 6/6
  3211 | D:4      | Reached skill level 5 in Fighting
  3588 | D:4      | Found an ornate altar of the Wu Jian Council.
  3820 | D:4      | Your scales start taking on a dull iron-grey colour.
  3820 | D:4      | Reached XP level 7. HP: 39/61 MP: 7/7
  4005 | D:5      | Reached skill level 6 in Stealth
  4370 | D:5      | Found an ancient bone altar of Kikubaaqudgha.
  4463 | D:5      | Reached skill level 5 in Axes
  4463 | D:5      | Reached XP level 8. HP: 65/70 MP: 8/8
  5109 | D:6      | Reached skill level 5 in Dodging
  5120 | D:6      | Reached skill level 7 in Stealth
  5197 | D:6      | Found a white marble altar of Elyvilon.
  5273 | D:6      | Found a sand-covered staircase.
  5282 | Ossuary  | Entered an ossuary
  6310 | D:6      | Found a runed translucent gate.
  6311 | D:6      | Found a runed translucent gate.
  6312 | D:6      | Found a runed translucent gate.
  6339 | D:6      | Reached XP level 9. HP: 74/79 MP: 9/9
  6792 | D:6      | Noticed horus123's ghost (novice SpBr)
  7460 | D:7      | Got the Almanac of Fetching Clay
  7491 | D:7      | Found a staircase to the Ecumenical Temple.
  7504 | Temple   | Entered the Ecumenical Temple
  7509 | Temple   | Became a worshipper of Ashenzari the Shackled
  8413 | D:7      | Reached skill level 8 in Stealth
  8479 | D:7      | Found an opulent altar of Gozag.
  8634 | D:8      | Found a blossoming altar of Fedhas.
  8642 | D:8      | Found a stormy altar of Qazlal.
  8676 | D:8      | Found a runed translucent door.
  8677 | D:8      | Noticed iamoutofideas's ghost (journeyman DjFE)
  8729 | D:8      | Noticed a two-headed ogre
  8884 | D:8      | Reached skill level 1 in Spellcasting
  8884 | D:8      | Reached skill level 1 in Conjurations
  8884 | D:8      | Reached skill level 1 in Hexes
  9072 | D:8      | HP: 2/81 [poisoned by an orc wizard]
  9075 | D:8      | Found a staircase to the Lair.
  9075 | D:8      | Noticed a moth of wrath
  9080 | D:8      | HP: 3/81 [iguana (14)]
  9106 | D:8      | Slain by a basilisk

Illustrated notes

Levels and vault maps discovered:
D:1:      ldierk_walled_garden_2, layout_basic, nicolae_figureground_pulse
D:2:      layout_loops_cross, ebering_ecumenical_altar_hall, uniq_natasha
D:3:      layout_rooms
D:4:      layout_loops_corners, mainiacjoe_overflow_alcove_2,
          lemuel_crystal_altar, serial_shops, nicolae_shop_hallway_plus,
          chequers_serial_rivers_room_b
D:5:      layout_gridville, tgw_kikubaaqudgha
D:6:      layout_basic, elyvilon_altar_5, gammafunk_ghost_icy,
          gup_ossuary_entry_pyramid
D:7:      layout_rooms, lemuel_tele_altar, minmay_temple_entry_fiery,
          serial_glass, glass_columns_a, glass_columns_b
D:8:      layout_loops_cross, grunt_temple_overflow_forces_of_nature,
          minmay_lair_entry_grove, ebering_ghost_reflecting_pool
Temple:   pf_slimified_temple

Skill      XL: |  1  2  3  4  5  6  7  8  9 |
---------------+----------------------------+-----
Dodging        | 2 3 4 5 6 |  6.2
Fighting       | 4 5 6 7 |  7.9
Stealth        | 5 6 7 8 |  8.0
Axes           | 3 4 5 6 |  6.8
Spellcasting   | 1 |  1.4
Conjurations   | 1 |  1.6
Hexes          | 1 |  1.4

Action                   |  1- 3 |  4- 6 |  7- 9 || total
-------------------------+-------+-------+-------++-------
Melee: Hand axe          |    26 |       |       ||    26
       War axe           |    21 |   188 |   358 ||   567
       Tailslap          |     6 |    17 |    56 ||    79
       Punch             |       |     1 |     5 ||     6
       Dagger            |       |       |    50 ||    50
       Short sword       |       |       |    19 ||    19
 Fire: Shortbow          |       |       |    45 ||    45
Throw: Stone             |       |       |     4 ||     4
       Dart              |       |       |     2 ||     2
Evoke: Wand              |       |     2 |    13 ||    15
  Use: Scroll            |     1 |     3 |     7 ||    11
       Potion            |     1 |     1 |     9 ||    11
 Stab: Distracted        |     1 |       |     1 ||     2
       Sleeping          |       |    10 |     6 ||    16
Armor: Skin              |    19 |    73 |   182 ||   274
Dodge: Dodged            |    26 |   112 |   352 ||   490

Table legend: (Time is in decaauts)
 A = Elapsed time spent in this place.
 B = Non-inter-level travel time spent in this place.
 C = Inter-level travel time spent in this place.
 D = Time resting spent in this place.
 E = Time spent auto-exploring this place.
 F = Levels seen in this place.
 G = Mean time per level.
                   A        B        C        D        E       F      G
               +--------+--------+--------+--------+--------+-----+--------+
         Total |   9198 |   9015 |    183 |   1995 |   4222 |  10 |  919.8 |
       Dungeon |   8493 |   8314 |    179 |   1835 |   3987 |   8 | 1061.6 |
        Temple |      9 |      5 |      4 |      0 |      0 |   1 |    9.0 |
       Ossuary |    694 |    694 |      0 |    160 |    235 |   1 |  694.0 |
               +--------+--------+--------+--------+--------+-----+--------+

Top non-repeatable levels by time:
     D:4: 1632 daAuts
     D:6: 1390 daAuts
     D:7: 1384 daAuts
     D:5: 1300 daAuts
     D:2: 1184 daAuts
 Ossuary: 694 daAuts
     D:3: 606 daAuts
     D:1: 533 daAuts
     D:8: 461 daAuts
  Temple: 9 daAuts
